 Dungeon Sprint DCSS version 0.19.0-20-gbc5f0c6 (webtiles) character file.

168 Groucho the Covert (level 5, -3/24 HPs)
             Began as a Spriggan Enchanter on Nov 16, 2016.
             Was an Initiate of Dithmenos.
             Slain by a spriggan
             ... wielding a +0 rapier
              (7 damage)
             ... in the Dungeon (Sprint IV: "Fedhas' Mad Dash").
             The game lasted 00:04:23 (1578 turns).

Groucho the Covert (Spriggan Enchanter)             Turns: 1578, Time: 00:04:23

Health: -3/24      AC:  3    Str:  5    XL:     5   Next: 24%
Magic:  1/14       EV: 21    Int: 17    God:    Dithmenos [......]
Gold:   75         SH:  0    Dex: 16    Spells: 2 memorised, 13 levels left

rFire  . . .     SeeInvis +     a - +1 dagger
rCold  . . .     Gourm    .     b - +1 robe
rNeg   . . .     Faith    .     (shield restricted)
rPois  .         Spirit   .     (helmet restricted)
rElec  .         Reflect  .     (no cloak)
rCorr  .         Harm     .     (gloves unavailable)
MR     .....     NoTele   +     (boots unavailable)
Stlth  ++++......               i - amulet of invisibility {+Inv}
                                (no ring)
                                (no ring)

@: slightly contaminated, hasted, very quick
A: unfitting armour, see invisible, herbivore 3, speed 3, slow metabolism 2
a: Renounce Religion, Evoke Invisibility


You were in the Dungeon.
You worshipped Dithmenos.
Dithmenos was noncommittal.
You were hungry.

You visited 1 branch You collected 75 gold pieces.

Inventory:

Hand Weapons
 a - a +1 dagger (weapon)
Armour
 b - a +1 robe (worn)
Jewellery
 i - the amulet of invisibility (around neck) {+Inv}
   (You found it in the Dungeon)

   [amulet of nothing]

   It lets you turn invisible.
 l - an uncursed ring of protection from magic {unknown}
Scrolls
 k - a scroll of identify {unknown}
Books
 c - a book of Maledictions

   Spells                             Type                      Level
   a - Corona                         Hexes                        1
   b - Ensorcelled Hibernation        Hexes/Ice                    2
   c - Confuse                        Hexes                        3
   d - Tukima's Dance                 Hexes                        3
   e - Dazzling Spray                 Conjuration/Hexes            3
Comestibles
 d - a bread ration


   Skills:
 + Level 5.0 Short Blades
 - Level 5.6 Dodging
 + Level 8.3 Stealth
 + Level 6.1 Spellcasting
 + Level 6.5 Hexes
 * Level 5.6 Evocations


You had 13 spell levels left.
You knew the following spells:

 Your Spells              Type           Power        Failure   Level  Hunger
a - Corona                Hex            ####...      1%          1    None
b - Ensorcelled Hibernat  Hex/Ice        ###...       6%          2    None


Dungeon Overview and Level Annotations

Branches:
Dungeon (1/1)

Altars:
Cheibriados
Dithmenos
Elyvilon
Gozag
Hepliaklqana
Kikubaaqudgha
Makhleb
Nemelex Xobeh
Okawaru
Qazlal
Ru
Sif Muna
Trog
Uskayaw
Vehumet
Xom
Yredelemnul
Zin
The Shining One
Beogh
Jiyva
Lugonu


Innate Abilities, Weirdness & Mutations

You are very small and have problems with some larger weapons.
You are too small for most types of armour.
You have supernaturally acute eyesight. (SInv)
You are a herbivore.
You cover ground extremely quickly.
You need consume almost no food.


Message History

The spriggan is lightly wounded.
The spriggan completely misses you.
You barely miss the spriggan.
The spriggan is lightly wounded.
You closely miss the spriggan.
The spriggan is lightly wounded.
The spriggan closely misses you.
You hit the spriggan but do no damage.
The spriggan is lightly wounded.
You hit the spriggan but do no damage.
The spriggan is lightly wounded.
The spriggan blocks your attack.
The spriggan is lightly wounded.
The spriggan barely misses you.
You miss the spriggan.
The spriggan is lightly wounded.
You barely miss the spriggan.
The spriggan is lightly wounded.
The spriggan hits you with a rapier!
You die...

########################
#<..P#.....#....i#.⌠._._
#PP..'.@i..'.#...+.._.i.
#PPPP#.....#.#...#..._._
###############'##.._._.
+...#.⌠._._ #...#######
#####


You could see a spriggan.

Vanquished Creatures
  4 oklob saplings (D)
  A worker ant (D)
  A river rat (D)
  A rat (D)
7 creatures vanquished.

Notes
Turn   | Place    | Note
-------+----------+-------------------------------------------
     0 | D        | Groucho the Spriggan Enchanter began the quest for the Orb.
     0 | D        | Reached XP level 1. HP: 9/9 MP: 5/5
    21 | D        | Reached skill level 5 in Stealth
    21 | D        | Reached XP level 2. HP: 13/13 MP: 5/7
   193 | D        | Noticed an oklob sapling
   194 | D        | Killed an oklob sapling
   194 | D        | Reached skill level 5 in Dodging
   194 | D        | Reached skill level 6 in Stealth
   194 | D        | Reached XP level 3. HP: 16/16 MP: 7/9
   415 | D        | Reached skill level 5 in Hexes
   432 | D        | Found an opulent altar of Gozag.
   432 | D        | Found a hazy altar of Hepliaklqana.
   432 | D        | Found a burning altar of Makhleb.
   432 | D        | Found a sparkling altar of Nemelex Xobeh.
   432 | D        | Found a sacrificial altar of Ru.
   432 | D        | Found a deep blue altar of Sif Muna.
   432 | D        | Found a shimmering altar of Xom.
   432 | D        | Found a basalt altar of Yredelemnul.
   449 | D        | Found a viscous altar of Jiyva.
   449 | D        | Found a roughly hewn altar of Beogh.
   449 | D        | Found a snail-covered altar of Cheibriados.
   449 | D        | Found a bloodstained altar of Trog.
   449 | D        | Noticed an oklob sapling priest
   450 | D        | Found an iron altar of Okawaru.
   450 | D        | Found a shadowy altar of Dithmenos.
   450 | D        | Found a glowing silver altar of Zin.
   451 | D        | Found an ancient bone altar of Kikubaaqudgha.
   451 | D        | Found a hide-covered altar of Uskayaw.
   452 | D        | Found a stormy altar of Qazlal.
   452 | D        | Found a white marble altar of Elyvilon.
   452 | D        | Found a glowing golden altar of the Shining One.
   453 | D        | Found a corrupted altar of Lugonu.
   453 | D        | Found a radiant altar of Vehumet.
   456 | D        | Killed an oklob sapling priest
   456 | D        | Reached skill level 7 in Stealth
   456 | D        | Reached skill level 5 in Spellcasting
   456 | D        | Reached XP level 4. HP: 21/21 MP: 9/12
   462 | D        | Became a worshipper of Dithmenos the Shadowed
   751 | D        | Reached XP level 5. HP: 24/24 MP: 11/14
  1065 | D        | Reached skill level 5 in Short Blades
  1065 | D        | Reached skill level 8 in Stealth
  1065 | D        | Reached skill level 5 in Evocations
  1521 | D        | Learned a level 2 spell: Ensorcelled Hibernation
  1578 | D        | Slain by a spriggan

Skill      XL: |  1  2  3  4  5 |
---------------+----------------+-----
Short Blades   | 2 3 4 5 |  5.0
Dodging        | 4 5 |  5.6
Stealth        | 5 6 7 8 |  8.3
Spellcasting   | 3 4 5 6 |  6.1
Hexes          | 4 5 6 |  6.5
Evocations     | 3 4 5 |  5.6

Action                   |  1- 3 |  4- 6 || total
-------------------------+-------+-------++-------
Melee: Dagger            |     9 |    39 ||    48
 Cast: Ensorcelled Hiber |       |    20 ||    20
 Abil: Evoke Invisibilit |     1 |     3 ||     4
  Use: Potion            |     1 |     6 ||     7
       Scroll            |       |     1 ||     1
 Stab: Sleeping          |     4 |     1 ||     5
       Invisible         |       |     1 ||     1
Armor: Robe              |       |     1 ||     1
Dodge: Dodged            |     5 |    34 ||    39
